 Dungeon Crawl Stone Soup version 0.31.0-11-ge490571c62 (webtiles) character file.

Game seed: 5944483614942078096

200 qw the Skirmisher (level 5, 0/29 HPs)
             Began as a Deep Elf Hunter on Feb 3, 2024.
             Slain by an orc wizard
             ... wielding a +0 dagger
              (2 damage)
             ... on level 3 of the Dungeon.
             The game lasted 00:00:08 (2210 turns).

qw the Skirmisher (Deep Elf Hunter)                 Turns: 2210, Time: 00:00:09

Health: 0/29       AC:  6    Str: 10    XL:     5   Next: 48%
Magic:  0/7        EV: 11    Int: 14    God:
Gold:   248        SH:  0    Dex: 18    Spells: 4/4 levels left

rFire   . . .        a - +1 shortbow
rCold   . . .        (shield currently unavailable)
rNeg    . . .        k - +0 ring mail
rPois   .            (no helmet)
rElec   .            l - +0 cloak
rCorr   .            (no gloves)
SInv    .            (no boots)
Will    .....        f - amulet of guardian spirit
Stlth   +            (no ring)
HPRegen 0.24/turn    (no ring)
MPRegen 0.10/turn

%: guardian spirit
@: no status effects
A: no striking features
a: no special abilities


You were on level 3 of the Dungeon.
You visited 1 branch of the dungeon, and saw 4 of its levels.

You collected 248 gold pieces.


   Skills:
 + Level 1.5 Fighting
 - Level 9.0 Ranged Weapons
 - Level 2.4 Dodging
 - Level 1.2 Stealth


You had 4 spell levels left.
You didn't know any spells.
Your spell library was empty.

Inventory:

Hand Weapons
 a - a +1 shortbow (weapon)
Armour
 k - a +0 ring mail (worn)
 l - a +0 cloak (worn)
Jewellery
 f - an amulet of guardian spirit (around neck)
Wands
 i - a wand of iceblast (8)
Scrolls
 h - a scroll of teleportation
Potions
 d - a potion of degeneration {unknown}
 e - a potion of lignification {unknown}
 j - a potion of curing {unknown}

Dungeon Overview and Level Annotations

Branches:
Dungeon (4/15)
 Temple: D:4-7

Altars:
Qazlal


Message History

The orc wizard hits you with a +0 dagger.
Something hits you.
You shoot an arrow.
The arrow closely misses the orc wizard.
The orc wizard mumbles some strange words.
The orc wizard flickers and vanishes!
Something hits you but does no damage.
You shoot an arrow. Something hits you but does no damage.
You hear some strange, mumbled words.
Something tries to affect you, but you resist.
You shoot an arrow.
You hear some strange, mumbled words.
A magic dart appears from out of thin air!
The magic dart hits you. Something hits you but does no damage.
You shoot an arrow.
You hear some strange, mumbled words.
A puff of flame appears from out of thin air!
The puff of flame misses you. Something hits you.
You shoot an arrow.
Something hits you but does no damage. x2
You shoot an arrow.
Something hits you but does no damage. x2
You shoot an arrow. Something hits you but does no damage.
You hear some strange, mumbled words.
A magic dart appears from out of thin air!
The magic dart hits you! Something hits you.
You hear some strange, mumbled words.
Something tries to affect you, but you resist.
You shoot an arrow. Something hits you. x2
You shoot an arrow.
Reactivating autopickup.
You feel a bit more experienced. Something hits you.
Deactivating autopickup; reactivate with Ctrl-A.
Your Ranged Weapons skill increases to level 9!
You shoot an arrow. Something hits you.
You die...

#.##..#.....##.### ##.#
#.##..#..##......# ##..#
#.##..#..##..#.#.# #..##
......#..##..#.#.# #######.##
#........##..#.#.# #...#...#
..........#..#.#.####.#...###
####.###.......#.#....#.###
.......#..####.#.#......#
.....#.#..####..@)..###.#
######.#.........{.####.######
.......#........#......[.....#
########........#.##.........#
########........#.##.........#
......).........#.##.........#
.......#........#.##.........#
.......#........#.##.........#
.......##.........############


There were no monsters in sight!

Vanquished Creatures
  2 orc priests (D:3)
  An orc wizard (D:3)
  4 adders
  2 dart slugs
  3 ribbon worms
  2 orcs (D:3)
  6 ball pythons
  3 endoplasms (D:1)
  2 giant cockroaches
  10 goblins
  7 hobgoblins
  4 jackals (D:1)
  3 kobolds
  4 quokkas
  6 bats
  2 frilled lizards
  8 rats
69 creatures vanquished.

Notes
Turn   | Place    | Note
-------+----------+-------------------------------------------
     0 | D:1      | qw the Deep Elf Hunter began the quest for the Orb.
     0 | D:1      | Reached XP level 1. HP: 12/12 MP: 3/3
     0 | D:1      | 0 ||| qw: Version: 0.3-a-157-g843a77d
     0 | D:1      | 0 ||| qw: Game counter: 3885
     0 | D:1      | 0 ||| qw: Melee chars always use a shield: true
     0 | D:1      | 0 ||| qw: God list: Okawaru
     0 | D:1      | 0 ||| qw: Allow faded altars: false
     0 | D:1      | 0 ||| qw: Do Orc after clearing Dungeon:15 true
     0 | D:1      | 0 ||| qw: Do second Lair branch before Depths: true
     0 | D:1      | 0 ||| qw: Lair rune preference: random
     0 | D:1      | 0 ||| qw: Goals: Normal
     0 | D:1      | 0 ||| PLANNING D:1-11
    97 | D:1      | Reached skill level 6 in Ranged Weapons
    97 | D:1      | Reached XP level 2. HP: 16/16 MP: 4/4
   367 | D:1      | Reached XP level 3. HP: 20/20 MP: 5/5
   533 | D:1      | 533 ||| READING 2 scrolls labelled EGASETT BYVU.
   537 | D:1      | 537 ||| DROPPING scroll of butterflies.
   591 | D:2      | Reached skill level 7 in Ranged Weapons
   683 | D:2      | HP: 5/20 [ribbon worm (6)]
   684 | D:2      | 684 ||| READING scroll of teleportation.
   684 | D:2      | HP: 2/20 [rat (3)]
   985 | D:2      | Reached XP level 4. HP: 25/25 MP: 6/6
  1327 | D:2      | 1327 ||| READING scroll labelled HOZEPT ASEAS IMM.
  1364 | D:3      | Found a stormy altar of Qazlal.
  1639 | D:3      | Reached skill level 8 in Ranged Weapons
  2029 | D:3      | Reached XP level 5. HP: 29/29 MP: 7/7
  2160 | D:3      | 2160 ||| UPGRADING to +0 ring mail.
  2170 | D:3      | 2170 ||| DROPPING +0 leather armour.
  2171 | D:3      | 2171 ||| UPGRADING to +0 cloak.
  2176 | D:3      | 2176 ||| UPGRADING to amulet of guardian spirit.
  2181 | D:3      | 2181 ||| READING scroll labelled PIT POCUPPOUPH.
  2181 | D:3      | 2181 ||| ENCHANTING +0 shortbow.
  2182 | D:3      | 2182 ||| READING scroll labelled MOCARY CECLOT.
  2196 | D:4      | 2196 ||| STAIRDANCE
  2208 | D:3      | HP: 4/29 [something (4)]
  2209 | D:3      | HP: 1/29 [something (3)]
  2210 | D:3      | Reached skill level 9 in Ranged Weapons
  2210 | D:3      | Slain by an orc wizard

Levels and vault maps discovered:
D:1:      sevenhm_arrival_forest_fort_small_3, layout_basic, item_on_display_a
D:2:      layout_basic, hex_large
D:3:      layout_basic, grunt_qazlal_sundering
D:4:      minmay_wonky_spiral, layout_basic, nicolae_elyvilon_peaceful_grove,
          minmay_temple_entry_hall, serial_shops, nicolae_shop_hallway_stairs

Skill      XL: |  1  2  3  4  5 |
---------------+----------------+-----
Ranged Weapons | 6 7 8 9 |  9.0
Fighting       | |  1.5
Dodging        | |  2.4
Stealth        | |  1.2

Action                     |  1- 3 |  4- 6 || total
---------------------------+-------+-------++-------
   Fire: Shortbow          |   123 |    85 ||   208
    Use: Scroll            |     2 |     3 ||     5
 Armour: Leather armour    |    24 |     9 ||    33
         Ring mail         |       |    27 ||    27
  Dodge: Dodged            |    26 |    10 ||    36

Table legend:
 A = Non-vault XP
 B = Vault XP
 C = Vault XP percentage of total XP
 D = Non-vault monster count
 E = Vault monster count
 F = Vault count percentage of total count
                 A         B        C        D         E       F
            +---------+---------+-------+---------+---------+-------
      Total |     286 |       0 |   0.0 |      69 |       0 |   0.0
            +---------+---------+-------+---------+---------+-------
        D:1 |      56 |       0 |   0.0 |      31 |       0 |   0.0
        D:2 |      66 |       0 |   0.0 |      16 |       0 |   0.0
        D:3 |     164 |       0 |   0.0 |      22 |       0 |   0.0
            +---------+---------+-------+---------+---------+-------
